 Dungeon Crawl Stone Soup version 0.30-a0-967-g9b59a09336 (console) character file.

Game seed: 9369311110447953776

29411 Abuh the Severer (level 13, 0/109 (122) HPs)
             Began as a Minotaur Fighter on Mar 28, 2023.
             Was the Champion of Okawaru.
             Slain by a spectral eight-headed hydra (1 damage)
             ... called from beyond by a ghost crab
             ... on level 3 of the Lair of Beasts on Mar 31, 2023.
             The game lasted 00:49:42 (14033 turns).

Abuh the Severer (Minotaur Fighter)                Turns: 14033, Time: 00:49:43

HP:   0/109 (122)   AC: 13    Str: 31    XL:     13   Next: 15%
MP:   12/12         EV:  9    Int:  8    God:    Okawaru [******]
Gold: 1648          SH: 11    Dex: 13    Spells: 12/12 levels left

rFire   + . .      SeeInvis +    b - +12 broad axe "Pehasit" {heavy, rElec}
rCold   x . .      Faith    .    c - +0 buckler
rNeg    . . .      Spirit   .    H - +0 chain mail of Gozag's Outrage {*Corrode Str+3 Int+3 Dex+2}
rPois   .          Reflect  +    (helmet restricted)
rElec   +          Rampage  .    (no cloak)
rCorr   .                        O - +1 pair of gloves {hurl}
Will    .....                    E - +1 pair of boots {Fly} Stlth
                                 e - amulet of reflection
HPRegen 0.38/turn                k - ring of see invisible
MPRegen 0.13/turn                F - ring "Xugaa" {Fire Str+3 Stlth+}

@: about to teleport, corroded, flying, heavily drained
A: horns 2, retaliatory headbutt
a: Renounce Religion, Heroism, Finesse, Duel


You were on level 3 of the Lair of Beasts.
You worshipped Okawaru.
Okawaru was exalted by your worship.
You visited 2 branches of the dungeon, and saw 14 of its levels.
You also visited: Bailey.

You collected 1648 gold pieces.

Inventory:

Hand Weapons
 b - the +12 broad axe "Pehasit" (weapon) {heavy, rElec}
   (Okawaru gifted it to you on level 11 of the Dungeon)

   rElec:     It insulates you from electricity.
 D - a +0 broad axe
 G - a +2 heavy executioner's axe
Missiles
 d - 8 atropa-tipped darts
 f - 116 stones (quivered)
 t - 31 boomerangs
 y - a curare-tipped dart
 Q - 2 throwing nets
Armour
 c - a +0 buckler (worn)
 u - a +0 plate armour
 E - a +1 pair of boots of flying (worn)
 H - the +0 chain mail of Gozag's Outrage (worn) {*Corrode Str+3 Int+3 Dex+2}
   (You found it on level 1 of the Lair of Beasts)

   Str:       It affects your strength (+3).
   Int:       It affects your intelligence (+3).
   Dex:       It affects your dexterity (+2).
   *Corrode:  It may corrode you when you take damage.
 O - a +1 pair of gloves of hurling (worn)
Magical Staves
 L - a staff of death
Jewellery
 e - an amulet of reflection (around neck)
 k - a ring of see invisible (left hand)
 r - an amulet of faith
 z - a ring of flight
 F - the ring "Xugaa" (right hand) {Fire Str+3 Stlth+}
   (You found it on level 3 of the Lair of Beasts)

   [ring of fire]

   It enhances your fire magic.
   Str:       It affects your strength (+3).
   rF:        It protects you from fire.
   rC:        It makes you vulnerable to cold.
   Stlth:     It makes you more stealthy.
 J - an amulet of magic regeneration
Wands
 g - a wand of roots (12)
 o - a wand of charming (11)
 q - a wand of mindburst (6)
 s - a wand of polymorph (7)
 K - a wand of flame (27)
Scrolls
 a - 6 scrolls of identify
 h - 4 scrolls of amnesia
 i - 2 scrolls of teleportation
 l - 3 scrolls of fog
 w - 2 scrolls of magic mapping
 I - 4 scrolls of fear
Potions
 j - 7 potions of curing
 m - 2 potions of degeneration
 n - 3 potions of lignification
 p - a potion of magic
 v - a potion of attraction
 x - 4 potions of haste
 A - 6 potions of flight
 B - 2 potions of ambrosia
 M - 2 potions of berserk rage {unknown}
 N - a potion of cancellation
 P - 2 potions of brilliance {unknown}
 R - a potion of heal wounds {unknown}
Miscellaneous
 C - a box of beasts


   Skills:
 + Level 13.2 Fighting
 - Level 18.0 Axes
 * Level 13.0 Armour
 + Level 9.7 Shields


You had 12 spell levels left.
You didn't know any spells.
Your spell library contained the following spells:

 Spells                   Type           Power      Damage    Failure   Level
 Shock                    Conj/Air       0%         1d3       87%         1
 Dazzling Flash           Conj/Hex       0%         N/A       99%         3
 Inner Flame              Hex/Fire       0%         N/A       99%         3
 Swiftness                Air            0%         N/A       99%         3
 Airstrike                Air            0%         2d(0-16)  100%        4
 Anguish                  Hex/Necr       0%         N/A       100%        4
 Cause Fear               Hex            0%         N/A       100%        4
 Agony                    Necr           0%         N/A       100%        5
 Silence                  Hex/Air        0%         N/A       100%        5
 Enfeeble                 Hex            0%         N/A       100%        7
 Discord                  Hex            0%         N/A       100%        8


Dungeon Overview and Level Annotations

Branches:
Dungeon (11/15)            Temple (0/1) D:4            Lair (3/5) D:9
  Swamp (0/4) Lair:3       Spider (0/4) Lair:3       Bailey (visited)
    Orc: D:9-12

Altars:
Elyvilon
Fedhas
Nemelex Xobeh
Okawaru
Ru
Trog
Wu Jian
Xom
Yredelemnul

Shops:
D:4 *(?*   D:10 (


Innate Abilities, Weirdness & Mutations

You have a pair of horns on your head.
You reflexively headbutt those who attack you in melee.


Message History

You block the spectral eight-headed hydra's attack.
The spectral eight-headed hydra barely misses you. x2
The spectral eight-headed hydra bites you but does no damage.
You block the spectral eight-headed hydra's attack. x2
As you read the scroll of teleportation, it crumbles to dust.
You feel strangely unstable.
The ghost crab breathes spectral mist at you.
The spectral mist engulfs you but does no damage.
The spectral eight-headed hydra bites you but does no damage. x3
You block the spectral eight-headed hydra's attack. x3
The spectral eight-headed hydra bites you!
* * * LOW HITPOINT WARNING * * *
You feel drained.
* * * LOW HITPOINT WARNING * * *
The spectral eight-headed hydra bites you but does no damage.
The spectral basilisk bites you but does no damage.
The spectral seven-headed hydra bites you.
* * * LOW HITPOINT WARNING * * *
You feel drained.
The spectral seven-headed hydra bites you.
* * * LOW HITPOINT WARNING * * *
You feel drained.
* * * LOW HITPOINT WARNING * * *
Your corrosive artefact corrodes you!
The spectral seven-headed hydra barely misses you.
The spectral seven-headed hydra bites you.
* * * LOW HITPOINT WARNING * * *
You feel drained.
The spectral seven-headed hydra bites you.
* * * LOW HITPOINT WARNING * * *
You feel drained.
The spectral seven-headed hydra barely misses you.
The spectral seven-headed hydra bites you but does no damage.
You are engulfed in spectral mist.
* * * LOW HITPOINT WARNING * * *
You block the ghost crab's attack. The ghost crab barely misses you.
The spectral eight-headed hydra bites you.
* * * LOW HITPOINT WARNING * * *
You feel drained.
You die...

##### ##### ### ### ##### ######P..#####.PP####
####P####.####.#P.. #...#..##.## #..........>........#
♣♣♣♣♣♣♣...............................# #.................###
...~.♣♣♣..............................## ##..####.#P.P.....# ♣♣♣
♣...~................................# ##..## ####P###...# §...
♣Z.~~......☼.§......................## #....# ### ##..# §....
♣♣♣........☼§§.P.###..................# ##...# ##.##
♣~..○♣~........Z°○#Z....#......#....#.....P# #....##########...#
♣.°....♣♣♣...t§Z☼........................# #P....##.#.PP.#...#
♣♣♣°♣♣♣♣♣....@Z☼.....^..............#....# #...........P.....#
#### ♣♣ ♣......°......P.............+...##
#................####..# ### #........#...........#.......P..<##
#..................###.## #.###........#.....#.....#....#..#....#
##.##..#.##..#.........P# ##.###...)...............+.#........P##
##.#....<....P..........# ##>.##......#...P............P..#...P#
#......................## ##...##....#..#+P.#......P.#.....#....#
##.#....................# #.....##.................#...........##
#.....................####.....# ##.#...............#..P......#
##...................##.#...†.†####.#................#..P.......
#..#..............#...#..^##.#†##..†.##............#...........##
#..#.........#...####.......#.#.#.....##...........##.##PP#.....
##....#..#......P# #.....^#.#...#....#......###....>...........
#..............## ##....#.#.#^#....##...##.♣.##.............
#..............#### ##...##.#.##..†###...#[†...#####.........


You could see a ghost crab, a spectral basilisk (summoned), a spectral
eight-headed hydra (summoned), a spectral seven-headed hydra (summoned) and a
spectral blink frog (summoned).

Vanquished Creatures
  Fannar (Lair:1)
  Harold (Lair:2)
  A two-headed ogre (D:8)
  A catoblepas (Lair:1)
  The ghost of TheSeeker391 the Cleaver, a novice HOFi of Okawaru (D:5)
  Amaemon (Lair:1)
  A spectral hydra (Lair:3)
  Pikel (D:7)
  An orc knight (Bailey)
  A manticore (D:11)
  A cyclops (D:11)
  9 elephants (Lair:3)
  Joseph (D:10)
  A gargoyle (D:11)
  An orange demon (Lair:1)
  3 cane toads
  An unseen horror (D:11)
  6 komodo dragons
  A rime drake (Lair:1)
  2 polar bears
  2 trolls
  Grinder (D:4)
  Prince Ribbit (D:7)
  3 blink frogs (Lair:1)
  Sigmund (D:4)
  4 shadows
  3 wyverns
  3 culicivoras (Lair:3)
  44 yaks
  2 vampires
  2 basilisks (Lair:2)
  2 steam dragons
  Grum (Lair:1)
  Menkaure (D:4)
  2 acid dragons (D:9)
  7 water moccasins
  5 black bears
  15 orc warriors
  2 spectral blink frogs (Lair:3)
  An ice beast (D:7)
  An ogre (D:4)
  4 centaurs
  4 wolves (Lair:1)
  3 lemures (D:7)
  2 kobold brigands
  10 bullfrogs
  A spectral wyvern (Lair:3)
  4 scorpions (D:5)
  3 wights (D:8)
  5 killer bees (D:9)
  4 howler monkeys
  A jelly (D:4)
  3 hounds
  5 orc priests
  Ijyb (D:4)
  A sleepcap (D:5)
  3 iguanas (D:6)
  4 orc wizards
  Robin (D:2)
  6 gnolls
  3 adders
  A shadow imp (D:8)
  4 white imps
  An ufetubus (D:5)
  A worm (D:2)
  A dart slug (D:1)
  24 orcs
  7 ball pythons
  2 bats (D:2)
  4 endoplasms
  3 giant cockroaches
  7 hobgoblins
  4 jackals (D:2)
  27 kobolds
  6 quokkas
  2 frilled lizards
  20 goblins
  5 rats
  A spectral orc (D:3)
327 creatures vanquished.

Vanquished Creatures (others)
  6 fungi
  3 plants
9 creatures vanquished.

Grand Total: 336 creatures vanquished

Notes
Turn   | Place    | Note
-------+----------+-------------------------------------------
     0 | D:1      | Abuh the Minotaur Fighter began the quest for the Orb.
     0 | D:1      | Reached XP level 1. HP: 19/19 MP: 0/0
    71 | D:1      | Reached skill level 3 in Axes
   157 | D:1      | Reached XP level 2. HP: 27/27 MP: 1/1
   841 | D:2      | Reached XP level 3. HP: 33/33 MP: 2/2
   846 | D:2      | Reached skill level 4 in Axes
   861 | D:2      | Noticed Robin
   872 | D:2      | Killed Robin
   896 | D:2      | Reached XP level 4. HP: 34/41 MP: 3/3
  1375 | D:3      | Found a basalt altar of Yredelemnul.
  1475 | D:3      | Found a white marble altar of Elyvilon.
  1571 | D:3      | Found an iron altar of Okawaru.
  1575 | D:3      | Became a worshipper of Warmaster Okawaru
  1813 | D:4      | Noticed Ijyb
  1828 | D:4      | Killed Ijyb
  1829 | D:4      | Reached skill level 5 in Axes
  1878 | D:4      | Found a staircase to the Ecumenical Temple.
  1891 | D:4      | Found Uwupsituru's Weapon Shop.
  1993 | D:4      | Found Ebistab's Assorted Antiques.
  2114 | D:4      | Reached skill level 5 in Fighting
  2114 | D:4      | Reached XP level 5. HP: 48/48 MP: 4/4
  2154 | D:4      | Noticed Grinder
  2158 | D:4      | Paralysed by Grinder for 2 turns
  2162 | D:4      | Killed Grinder
  2162 | D:4      | Reached * piety under Okawaru
  2163 | D:4      | Reached skill level 6 in Axes
  2163 | D:4      | Reached XP level 6. HP: 49/57 MP: 5/5
  2196 | D:4      | Noticed Menkaure
  2197 | D:4      | Noticed Sigmund
  2211 | D:4      | Killed Menkaure
  2212 | D:4      | Reached skill level 7 in Axes
  2214 | D:4      | Reached XP level 7. HP: 58/63 MP: 3/6
  2216 | D:4      | Killed Sigmund
  2216 | D:4      | Reached ** piety under Okawaru
  2217 | D:4      | Reached skill level 8 in Axes
  2502 | D:4      | Found Fomnim's Assorted Antiques.
  2692 | D:4      | Found Xumoe's Magic Scroll Emporium.
  2842 | D:4      | Upgraded the game from 0.30-a0-950-gbf40cfac39 to
                  | 0.30-a0-967-g9b59a09336
  3096 | D:5      | Entered Level 5 of the Dungeon
  3110 | D:5      | Reached skill level 9 in Axes
  3164 | D:5      | Noticed a yak
  3166 | D:5      | Noticed TheSeeker391's ghost (novice HOFi)
  3197 | D:5      | Found a shimmering altar of Xom.
  3206 | D:5      | Reached *** piety under Okawaru
  3207 | D:5      | Reached XP level 8. HP: 56/73 MP: 7/7
  3303 | D:5      | Reached skill level 10 in Axes
  3490 | D:5      | Found a transporter.
  3495 | D:5      | Found a transporter.
  3758 | D:5      | Found a bloodstained altar of Trog.
  3901 | D:5      | Found a blossoming altar of Fedhas.
  3901 | D:5      | Found an ornate altar of the Wu Jian Council.
  3959 | D:5      | Reached skill level 11 in Axes
  3967 | D:5      | Killed TheSeeker391's ghost
  3968 | D:5      | Reached XP level 9. HP: 62/83 MP: 6/8
  4117 | D:6      | Identified the +1 robe "Ytes" {+Blink rElec Str+5}
  4192 | D:6      | Reached skill level 12 in Axes
  4354 | D:6      | Identified the +2 ring mail of Ciumaar {Will+ Str+2}
  4947 | D:7      | Found a flagged portal.
  4953 | D:7      | Noticed Pikel
  4970 | D:7      | Killed Pikel
  4970 | D:7      | Reached **** piety under Okawaru
  4971 | D:7      | Reached skill level 13 in Axes
  5084 | Bailey   | Entered a bailey
  5091 | Bailey   | Noticed an orc knight
  5144 | Bailey   | Reached skill level 10 in Fighting
  5382 | Bailey   | Reached skill level 14 in Axes
  5540 | Bailey   | Reached XP level 10. HP: 93/93 MP: 9/9
  5582 | Bailey   | Killed an orc knight
  5583 | Bailey   | Reached skill level 15 in Axes
  5962 | D:7      | Reached ***** piety under Okawaru
  6166 | D:7      | Noticed Prince Ribbit
  6179 | D:7      | Killed Prince Ribbit
  6456 | D:7      | Found a sparkling altar of Nemelex Xobeh.
  6586 | D:7      | Reached skill level 16 in Axes
  7140 | D:8      | Noticed a two-headed ogre
  7155 | D:8      | Killed a two-headed ogre
  7155 | D:8      | Received a gift from Okawaru
  7158 | D:8      | Reached skill level 17 in Axes
  7189 | D:8      | Reached XP level 11. HP: 33/99 MP: 10/10
  7893 | D:9      | Found a staircase to the Lair.
  7936 | D:9      | Reached skill level 18 in Axes
  7953 | D:9      | Received a gift from Okawaru
  8357 | D:9      | Reached skill level 5 in Armour
  8726 | D:9      | Reached skill level 5 in Shields
  8747 | D:9      | Found a sacrificial altar of Ru.
  8830 | D:10     | Entered Level 10 of the Dungeon
  9227 | D:10     | Found Qihi's Weapon Shoppe.
  9228 | D:10     | Noticed Joseph
  9241 | D:10     | Killed Joseph
  9918 | D:11     | Reached ****** piety under Okawaru
  9988 | D:11     | Identified the +12 broad axe "Pehasit" {heavy, rElec}
                  | (Okawaru gifted it to you on level 11 of the Dungeon)
  9988 | D:11     | Received a gift from Okawaru
 10506 | D:11     | Reached XP level 12. HP: 110/110 MP: 11/11
 10862 | Lair:1   | Entered Level 1 of the Lair of Beasts
 10889 | Lair:1   | Noticed a catoblepas
 10907 | Lair:1   | Killed a catoblepas
 11179 | Lair:1   | Reached skill level 10 in Armour
 11342 | Lair:1   | Noticed Amaemon
 11347 | Lair:1   | Received a gift from Okawaru
 11354 | Lair:1   | Killed Amaemon
 11608 | Lair:1   | Noticed Fannar
 11616 | Lair:1   | Killed Fannar
 11616 | Lair:1   | Received a gift from Okawaru
 11713 | Lair:1   | Identified the +0 chain mail of Gozag's Outrage {*Corrode
                  | Str+3 Int+3 Dex+2}
 11785 | Lair:1   | Noticed Grum
 11795 | Lair:1   | Killed Grum
 12524 | Lair:2   | Noticed Harold
 12533 | Lair:2   | Killed Harold
 13423 | Lair:3   | Found a hole to the Spider Nest.
 13614 | Lair:3   | Reached XP level 13. HP: 110/122 MP: 12/12
 13622 | Lair:3   | Received a gift from Okawaru
 13769 | Lair:3   | Identified the ring "Xugaa" {Fire Str+3 Stlth+}
 14004 | Lair:3   | Found a staircase to the Swamp.
 14033 | Lair:3   | HP: 4/110 [ghost crab] (3)]
 14033 | Lair:3   | HP: 1/110 [spectral eight-headed hydra[a ghost crab] (3)]
 14033 | Lair:3   | Slain by a spectral eight-headed hydra

Illustrated notes

Levels and vault maps discovered:
D:1:      scummos_arrival_forest, layout_basic, minmay_stone_trees_small
D:2:      layout_rooms, corexii_leaking_fountain, uniq_robin
D:3:      layout_basic, okawaru_ov_weapons_minmay, elyvilon_altar_3,
          yredelemnul_forgotten_temple_becter
D:4:      layout_layer_cave, temple_pool_b, serial_shops,
          nicolae_shop_bloodbath_and_beyond, nicolae_diamond_shop,
          nicolae_inconvenience_store, shop, uniq_sigmund, uniq_ijyb,
          uniq_menkaure, uniq_grinder
D:5:      layout_basic, nicolae_overflow_two_pavilions, lemuel_tele_altar,
          mainiacjoe_overflow_brackets, gammafunk_ghost_arena
D:6:      layout_loops_corners, corner_web_ring
D:7:      layout_basic, nemelex_diamond_rough_becter, enter_bailey_5,
          ebering_dispersal_statue_hall, uniq_pikel, uniq_prince_ribbit1
D:8:      black_bear_nest_1, layout_cave_pools
D:9:      layout_rooms, nicolae_ru_awakened_eye, dpeg_oklobed_lair
D:10:     layout_stronghold, serial_shops, shop, uniq_joseph
D:11:     layout_stronghold, patterned_corridor
Lair:1:   layout_regular_city, uniq_amaemon, uniq_fannar, uniq_grum
Lair:2:   layout_cave_pods, uniq_harold
Lair:3:   layout_chaotic_city, nicolae_swamp_entry_spooky,
          hellmonk_spider_entry_life_and_decay, grunt_megastairs_1

Skill      XL: |  1  2  3  4  5  6  7  8  9 10 11 12 13 |
---------------+----------------------------------------+-----
Axes           | 3 4 5 6 7 9 11 14 17 18 | 18.0
Fighting       | 4 5 6 7 9 10 11 13 | 13.2
Armour         | 9 12 13 | 13.0
Shields        | 6 9 |  9.7

Action                     |  1- 3 |  4- 6 |  7- 9 | 10-12 | 13-15 || total
---------------------------+-------+-------+-------+-------+-------++-------
  Melee: War axe           |    80 |    67 |   190 |    21 |       ||   358
         Headbutt          |    14 |     5 |    39 |    96 |     7 ||   161
         Unarmed           |       |     2 |       |       |       ||     2
         Broad axe         |       |       |       |   439 |    41 ||   480
 Invoke: Heroism           |       |     1 |     2 |     2 |       ||     5
    Use: Scroll            |     3 |     3 |     7 |     6 |     1 ||    20
         Potion            |     1 |       |       |     6 |       ||     7
   Stab: Confused          |       |     1 |       |       |       ||     1
         Invisible         |       |       |       |     2 |       ||     2
 Armour: Scale mail        |    20 |    26 |    51 |       |       ||    97
         Plate armour      |       |       |       |   140 |       ||   140
         Chain mail        |       |       |       |    23 |    44 ||    67
  Dodge: Dodged            |    19 |    24 |    72 |    93 |    20 ||   228
  Block: Buckler           |    26 |    21 |    76 |   184 |    33 ||   340
         Reflection        |       |       |    14 |     7 |       ||    21

Table legend: (Time is in decaauts)
 A = Elapsed time spent in this place.
 B = Non-inter-level travel time spent in this place.
 C = Inter-level travel time spent in this place.
 D = Time resting spent in this place.
 E = Time spent auto-exploring this place.
 F = Levels seen in this place.
 G = Mean time per level.
                   A        B        C        D        E       F      G
               +--------+--------+--------+--------+--------+-----+--------+
         Total |  13993 |  13504 |    489 |   3012 |   7859 |  15 |  932.9 |
       Dungeon |  10091 |   9670 |    421 |   1984 |   5821 |  11 |  917.4 |
          Lair |   3181 |   3113 |     68 |    695 |   1923 |   3 | 1060.3 |
        Bailey |    720 |    720 |      0 |    333 |    115 |   1 |  720.0 |
               +--------+--------+--------+--------+--------+-----+--------+

Top non-repeatable levels by time:
  Lair:1: 1425 daAuts
     D:7: 1296 daAuts
     D:4: 1292 daAuts
    D:10: 1097 daAuts
  Lair:2: 1086 daAuts
     D:5: 999 daAuts
     D:9: 956 daAuts
    D:11: 898 daAuts
     D:8: 854 daAuts
     D:6: 844 daAuts
     D:1: 804 daAuts
  Bailey: 720 daAuts
  Lair:3: 670 daAuts
     D:2: 533 daAuts
     D:3: 514 daAuts
